Map: Green Acres

Players

A.I. 2 (Medium)

  • Race: Zerg Zerg
  • Spawn Location: 9:00

Lunarbears - Winner!

  • Race: Terran Terran
  • Spawn Location: 1:00

larsgj - Winner!

  • Race: Terran Terran
  • Spawn Location: 12:00

VOD

Have the link to the VOD?

Description

Time

  • Played on: May 7, 2020, 1:38 p.m.
  • Length: 13:23
Show
View Real Time Build Order
Export as new Build Order

A.I. 2 (Medium) Zerg 

Build Orders: 1 Base Baneling Bust, Pool First 

Get SALT Encoding   

  12  0:01  Drone  
  13  0:12  Overlord  
  13  0:17  Drone  
  14  0:30  Drone  
  14  0:33  Drone  
  16  0:43  Spawning Pool  
  16  0:44  Drone  
  16  0:49  Drone  
  17  0:53  Extractor  
  17  0:55  Drone  
  17  1:06  Overlord  
  17  1:30  Queen  
  17  1:31  Zergling x2  
  20  1:37  Roach Warren  
  20  1:38  Drone  
  20  1:41  Zergling x2  
  20  1:43  Extractor  
  20  1:49  Drone  
  21  2:00  Drone  
  22  2:10  Overlord  
  22  2:21  Roach  
  24  2:32  Roach  
  26  2:37  Drone  
  26  2:42  Roach  
  29  2:45  Overlord  
  29  2:50  Drone  
  30  2:54  Drone  
  31  3:05  Drone  
  32  3:08  Roach  
  32  3:09  Drone  
  32  3:11  Drone  
  36  3:16  Overlord  
  36  3:22  Baneling Nest  
  35  3:27  Roach  
  35  3:30  Evolution Chamber  
  36  3:38  Roach  
  36  3:41  Drone  
  39  3:44  Drone  
  40  5:08  Overlord, Zergling x2, Lair, Drone  
  40  5:10  Spore Crawler  
  40  5:11  Drone, Spore Crawler  
  41  5:14  Drone  
  41  5:16  Baneling  
  41  5:17  Drone  
  43  5:24  Zergling x2  
  44  5:32  Overlord, Zergling x2  
  45  5:37  Spine Crawler  
  45  5:40  Zergling x2  
  45  5:42  Spine Crawler  
  44  5:43  Drone  
  44  5:48  Baneling, Zergling x2  
  46  5:56  Zergling x2  
  46  6:04  Zergling x2  
  42  6:06  Queen, Overseer x2  
  42  6:09  Spire  
  42  6:10  Drone  
  36  6:12  Hydralisk Den  
  36  6:13  Drone  
  36  6:20  Drone, Infestation Pit  
  36  6:27  Evolution Chamber  
  36  6:28  Drone  
  36  6:30  Hatchery  
  35  6:34  Drone  
  36  7:21  Mutalisk  
  38  7:28  Mutalisk  
  40  7:36  Mutalisk  
  40  7:43  Queen, Drone  
  45  7:44  Mutalisk  
  45  7:46  Drone  
  45  7:49  Drone  
  49  7:51  Drone  
  49  7:52  Mutalisk  
  49  7:54  Drone  
  49  7:57  Extractor, Drone  
  53  7:59  Spore Crawler  
  53  8:00  Drone  
  53  8:03  Drone  
  54  8:06  Drone  
  54  8:09  Drone  
  54  8:12  Drone  
  57  8:14  Drone, Spore Crawler  
  57  8:17  Drone  
  58  8:20  Drone  
  58  8:23  Drone  
  58  8:26  Drone  
  61  8:29  Drone  
  62  8:35  Drone  
  62  8:37  Spine Crawler  
  62  8:39  Drone, Spine Crawler  
  62  8:45  Drone  
  64  8:48  Drone  
  64  8:51  Drone  
  64  8:54  Drone  
  66  8:57  Drone  
  66  8:58  Overlord  
  66  9:02  Drone  
  68  9:42  Corruptor  
  68  9:43  Pneumatized Carapace, Overlord, Hive, Overseer, Zerg Melee Weapons Level 1  
  70  9:46  Zerg Ground Armor Level 1  
  59  9:55  Infestor  
  59  9:59  Extractor  
  52  10:07  Corruptor  
  52  10:13  Drone  
  50  10:14  Spine Crawler  
  50  10:16  Drone  
  50  10:19  Drone  
  50  10:21  Extractor, Infestor  
  47  10:22  Drone  
  43  10:34  Zergling x2  
  44  10:35  Overseer  
  44  10:38  Drone  
  44  10:41  Drone  
  36  10:50  Corruptor  
  36  10:56  Greater Spire  
  37  11:05  Overlord  
  37  11:08  Zergling x2, Overseer x2  
  35  11:23  Infestor  
  37  11:40  Overlord  
  37  11:41  Overlord  
  34  11:58  Corruptor, Overseer  
  30  12:09  Queen  
  30  12:11  Overlord  
  30  12:12  Zergling x2  
  32  12:21  Overseer  
  29  12:25  Roach  
  29  12:28  Spire  
  26  12:35  Drone x3  
Show
View Real Time Build Order
Export as new Build Order

Lunarbears Terran - Winner!

Build Orders:  

Get SALT Encoding   

  12  0:05  SCV  
  13  0:15  Refinery  
  13  0:20  SCV  
  14  0:32  SCV  
  15  0:41  Supply Depot  
  15  0:51  Supply Depot  
  15  1:03  SCV  
  16  1:14  Barracks  
  16  1:15  SCV  
  17  1:25  Supply Depot  
  17  1:27  SCV  
  18  1:39  SCV  
  19  1:49  Supply Depot  
  19  1:51  SCV  
  20  2:03  SCV  
  20  2:06  Marine  
  22  2:16  Barracks  
  22  2:22  Supply Depot  
  22  2:23  Marine  
  22  2:28  SCV  
  24  2:40  SCV  
  24  2:41  Marine  
  26  2:48  Supply Depot  
  26  2:53  SCV  
  27  2:59  Marine  
  27  3:05  SCV  
  29  3:12  Command Center  
  29  3:17  SCV, Marine  
  31  3:21  Marine  
  32  3:31  Supply Depot  
  32  3:35  Marine, Supply Depot  
  32  3:39  Marine  
  34  3:52  Marine  
  34  3:54  Engineering Bay  
  35  4:00  Factory  
  35  4:11  Barracks  
  35  4:13  Marine  
  35  4:14  Marine  
  37  4:31  Marine  
  37  4:33  SCV  
  39  4:45  SCV  
  40  4:57  SCV  
  41  5:02  Armory  
  41  5:06  Barracks  
  41  5:12  Marine x3  
  44  5:28  Hellion  
  46  5:29  Marine  
  46  5:30  Marine  
  48  5:41  Starport  
  48  5:49  Hellion  
  43  5:57  Marine x3  
  45  6:12  Marine  
  45  6:15  Marine x3  
  49  6:30  Marine  
  50  6:33  Marine x2  
  50  6:34  Terran Infantry Weapons Level 1  
  52  6:58  Starport Tech Lab  
  52  7:05  Fusion Core  
  52  7:15  SCV  
  53  7:23  Refinery  
  53  7:27  Marine x3, SCV  
  57  7:30  Marine  
  58  7:39  SCV  
  59  7:45  Marine x3  
  59  7:49  Refinery  
  62  7:51  SCV  
  63  8:03  SCV  
  64  8:22  Marine x2  
  64  8:23  Marine x2  
  64  8:26  Command Center  
  68  8:28  Terran Infantry Armor Level 1  
  68  8:33  Battlecruiser  
  74  8:40  Marine x2  
  74  8:41  Marine  
  77  9:38  Battlecruiser  
  80  10:02  Marine  
  80  10:03  Marine x3  
  82  10:20  Marine x2  
  82  10:21  Marine x2  
  85  10:38  Marine x3  
  85  10:39  Marine  
  89  10:56  Marine x3  
  89  10:57  Marine  
  85  11:14  Marine x4  
  89  11:31  Marine  
  89  11:32  Marine x3  
  93  11:49  Marine x2  
  90  11:58  Marine  
  90  11:59  Marine  
  89  12:07  Marine x2  
  89  12:16  Marine  
  89  12:22  Marine  
  91  12:25  Marine x2  
  93  12:34  Marine  
Show
View Real Time Build Order
Export as new Build Order

larsgj Terran - Winner!

Build Orders:  

Get SALT Encoding   

  12  0:06  SCV  
  13  0:18  SCV  
  14  0:22  Supply Depot  
  14  0:30  SCV  
  15  0:44  SCV  
  16  0:56  Barracks, SCV  
  17  1:08  SCV  
  18  1:15  Refinery x2  
  18  1:20  SCV  
  20  1:32  SCV  
  20  1:38  Barracks  
  20  1:44  SCV  
  20  1:45  Engineering Bay  
  20  1:46  Marine  
  22  1:57  SCV  
  23  2:01  Bunker  
  23  2:33  Bunker  
  23  3:04  Terran Infantry Weapons Level 1  
  23  3:14  Supply Depot  
  23  3:35  Marine, Factory  
  23  3:36  Marine, SCV  
  23  3:37  Supply Depot  
  26  3:47  Missile Turret  
  26  3:48  SCV  
  27  3:53  Marine x2  
  29  4:00  SCV, Supply Depot  
  30  4:08  Missile Turret  
  30  4:11  Marine x2  
  30  4:12  SCV  
  33  4:22  Supply Depot  
  33  4:24  SCV  
  33  4:25  Starport  
  34  4:31  Missile Turret  
  34  4:37  Armory  
  34  4:58  Terran Infantry Armor Level 1  
  34  5:39  Command Center  
  34  5:43  Starport  
  34  6:07  Bunker  
  34  6:20  Medivac  
  36  6:27  Starport Tech Lab  
  36  6:39  Fusion Core  
  36  6:40  Supply Depot  
  36  6:50  Medivac  
  36  6:52  Hi-Sec Auto Tracking  
  38  7:00  Marine x2  
  40  7:04  Supply Depot  
  40  7:15  Orbital Command  
  40  7:18  Marine x2  
  42  7:26  Supply Depot  
  42  7:35  Marine  
  42  7:36  Marine  
  44  7:49  Supply Depot  
  44  7:53  Marine x2  
  46  8:01  Starport Tech Lab  
  46  8:07  Weapon Refit  
  46  8:11  Marine x2  
  46  8:12  Supply Depot  
  48  8:16  Battlecruiser  
  54  8:25  Starport  
  54  8:29  Marine x2, SCV  
  57  8:35  Supply Depot  
  57  8:41  SCV, Refinery  
  57  8:47  Marine x2  
  60  8:53  SCV  
  60  8:54  Refinery  
  61  9:04  Marine, Starport Tech Lab  
  61  9:05  Marine  
  63  9:18  SCV  
  63  9:22  Marine  
  65  9:29  Marine  
  65  9:30  SCV  
  67  9:40  Marine  
  67  9:42  SCV  
  69  9:47  Marine, Rapid Reignition System  
  70  9:54  SCV  
  70  9:58  Marine  
  72  10:04  Marine  
  72  10:06  SCV  
  74  10:16  Marine  
  74  10:18  SCV  
  76  10:22  Marine  
  76  10:26  Battlecruiser  
  83  10:31  SCV  
  84  10:43  SCV  
  85  11:12  Battlecruiser  
  85  11:14  Battlecruiser  
  97  11:23  Supply Depot  
  97  11:33  Orbital Command  
  97  11:45  Supply Depot  
  97  12:08  Supply Depot  
Tags
 
Add a new tag
Caveats
  • Supply blocks, unpowered buildings, or Contaminate may cause inaccurate times.
  • Supply counts are checked every 10 seconds.